 Dungeon Crawl Stone Soup version 0.25-a0-576-g50b708a4c4 (webtiles) character file.

Game seed: 16842058021667269377, levelgen mode: deterministic

56 night the Insei (level 3, -1/29 HPs)
             Began as a Demigod Transmuter on Mar 1, 2020.
             Slain by a worm (6 damage)
             ... on level 2 of the Dungeon.
             The game lasted 00:02:55 (1198 turns).

night the Insei (Demigod Transmuter)                Turns: 1198, Time: 00:02:55

Health: -1/29      AC: 10    Str: 13    XL:     3   Next: 48%
Magic:  8/8        EV:  6    Int: 19    God:
Gold:   49         SH:  0    Dex: 16    Spells: 2/5 levels left

rFire    . . .     SeeInvis .     - Unarmed
rCold    . . .     Gourm    .   (no shield)
rNeg     . . .     Faith    .   f - +0 storm dragon scales
rPois    .         Spirit   .   (no helmet)
rElec    +         Reflect  .   (no cloak)
rCorr    .         Harm     .   (no gloves)
MR       .....                  (no boots)
Stlth    ..........             (no amulet)
HPRegen  0.09/turn              (no ring)
MPRegen  0.11/turn              (no ring)

@: no status effects
A: high mp 1
a: no special abilities


You were on level 2 of the Dungeon.
You were not hungry.

You visited 1 branch of the dungeon, and saw 2 of its levels.

You collected 49 gold pieces.

Inventory:

Missiles
 a - 40 arrows
 e - 34 bolts
 h - 16 poisoned darts (quivered)
 k - 7 stones
 l - 11 sling bullets
Armour
 b - a +0 robe
 f - +0 storm dragon scales (worn)
Scrolls
 g - a scroll of remove curse {unknown}
 j - a scroll of fog {unknown}
Potions
 i - 2 potions of heal wounds {unknown}
Comestibles
 c - 4 chunks of flesh
 d - a ration


   Skills:
 + Level 1.8 Fighting
 - Level 1.7 Dodging
 * Level 3.7 Unarmed Combat
 - Level 1.7 Spellcasting
 - Level 2.1 Transmutations


You had 2 spell levels left.
You knew the following spells:

 Your Spells              Type           Power        Failure   Level  Hunger
a - Beastly Appendage     Tmut           #.....       95%         1    #......
b - Sticks to Snakes      Tmut           #.......     99%         2    ###....

Your spell library contained the following spells:

 Spells                   Type           Power        Failure   Level  Hunger
 Spider Form              Tmut/Pois      #.........   100%        3    ###....
 Ice Form                 Ice/Tmut       #.......     100%        4    #####..
 Blade Hands              Tmut           #.........   100%        5    ######.


Dungeon Overview and Level Annotations

Branches:
Dungeon (2/15)


Innate Abilities, Weirdness & Mutations

You have an increased reservoir of magic. (+10% MP)


Message History

The hobgoblin is almost dead.
The hobgoblin hits you but does no damage.
You completely miss the hobgoblin.
The hobgoblin is almost dead.
The hobgoblin hits you but does no damage.
Your storm dragon scales prevents you from hitting the hobgoblin.
The hobgoblin is almost dead.
The hobgoblin hits you but does no damage.
You punch the hobgoblin!
You kill the hobgoblin!
You hit the worm.
The worm is lightly wounded.
The worm bites you!
* * * LOW HITPOINT WARNING * * *
You hit the worm.
The worm is heavily wounded.
You hit the worm but do no damage.
The worm is heavily wounded.
The worm bites you.
You die...

#.#. #. #... .#
#. ..#.#[ .#
#.##.#.#.#####.#
.....#.#.......#
#......##...(.#
........#.....#
#.....w@..!.#
..#.....#...<.#
......?.#.....#
...##..w#######
........#
.........
##.##.### #. #.
# ..


You could see a worm.

Vanquished Creatures
  2 dart slugs (D:1)
  2 leopard geckos (D:1)
  2 giant cockroaches (D:1)
  7 goblins
  4 hobgoblins
  11 jackals
  5 bats (D:1)
  3 frilled lizards (D:1)
  4 kobolds (D:1)
  3 rats (D:1)
43 creatures vanquished.

Notes
Turn   | Place    | Note
-------+----------+-------------------------------------------
     0 | D:1      | night the Demigod Transmuter began the quest for the Orb.
     0 | D:1      | Reached XP level 1. HP: 15/15 MP: 5/5
    11 | D:1      | Reached skill level 1 in Fighting
   114 | D:1      | Reached skill level 3 in Unarmed Combat
   114 | D:1      | Reached skill level 2 in Transmutations
   126 | D:1      | Reached XP level 2. HP: 11/23 MP: 7/7
   347 | D:1      | Learned a level 2 spell: Sticks to Snakes
   734 | D:1      | Reached XP level 3. HP: 28/28 MP: 8/8
  1198 | D:2      | Slain by a worm

Levels and vault maps discovered:
D:1:      giann_bridges, layout_basic, minivault_11
D:2:      layout_loops_cross, grunt_qazlal_clouds, bloody_trog, uniq_jessica

Skill      XL: |  1 |
---------------+----+-----
Fighting       | 1 |  1.8
Unarmed Combat | 3 |  3.7
Transmutations | 2 |  2.1
Dodging        | |  1.7
Spellcasting   | |  1.7

Action                   || total
-------------------------++-------
Melee: Unarmed           ||   193
       Kick              ||     6
       Headbutt          ||     1
 Cast: Beastly Appendage ||     9
  Eat: Chunk             ||     1
Armor: Robe              ||    11
       Storm dragon scal ||   137
Dodge: Dodged            ||    88

Table legend:
 A = Non-vault XP
 B = Vault XP
 C = Vault XP percentage of total XP
 D = Non-vault monster count
 E = Vault monster count
 F = Vault count percentage of total count
                 A         B        C        D         E       F
            +---------+---------+-------+---------+---------+-------
      Total |      81 |       0 |   0.0 |      43 |       0 |   0.0
            +---------+---------+-------+---------+---------+-------
        D:1 |      71 |       0 |   0.0 |      38 |       0 |   0.0
        D:2 |      10 |       0 |   0.0 |       5 |       0 |   0.0
            +---------+---------+-------+---------+---------+-------
